Map: 이터널 엠파이어 - 래더

Players

Ragnarok (SHIN)

  • Race: Zerg Zerg
  • League: Grandmaster
  • Spawn Location: 7:00

IntoTheZoun (Zoun) - Winner!

  • Race: Protoss Protoss
  • League: Master
  • Spawn Location: 1:00

VOD

Have the link to the VOD?

Description

Time

  • Played on: Jan. 9, 2020, 5:10 a.m.
  • Length: 8:20
Show
View Real Time Build Order
Export as new Build Order

Ragnarok Zerg 

Build Orders: Hatch First 

Get SALT Encoding   

  12  0:01  Drone  
  13  0:08  Drone  
  14  0:16  Overlord  
  14  0:35  Drone x2  
  16  0:47  Hatchery  
  15  0:52  Drone  
  15  0:55  Drone  
  17  0:58  Drone  
  18  1:09  Extractor  
  17  1:13  Spawning Pool  
  17  1:17  Drone  
  17  1:20  Drone  
  18  1:29  Drone  
  19  1:39  Drone  
  20  1:53  Drone  
  21  2:00  Queen x2  
  21  2:01  Zergling x4  
  27  2:12  Overlord  
  27  2:14  Drone  
  28  2:30  Hatchery  
  28  2:32  Drone  
  28  2:34  Drone  
  29  2:42  Pneumatized Carapace  
  29  2:43  Drone x2  
  31  2:47  Queen  
  33  2:52  Overlord  
  33  2:56  Drone  
  33  2:57  Drone  
  35  2:59  Drone  
  36  3:11  Drone x5  
  41  3:20  Metabolic Boost  
  41  3:21  Overlord  
  41  3:22  Zergling x2  
  42  3:28  Queen  
  44  3:37  Overlord  
  44  3:40  Drone x2  
  46  3:44  Drone x3  
  46  3:45  Drone  
  50  3:48  Overlord  
  50  3:52  Overlord  
  50  3:55  Overlord  
  50  4:01  Drone x4  
  54  4:08  Drone  
  54  4:09  Roach Warren  
  54  4:12  Drone  
  54  4:16  Zergling x4  
  57  4:21  Extractor  
  57  4:22  Zergling x4  
  57  4:23  Zergling x2  
  57  4:24  Zergling x4  
  61  4:27  Zergling x2  
  62  4:32  Drone x2  
  62  4:34  Zergling x4  
  62  4:35  Zergling x8  
  62  4:38  Overlord  
  70  4:42  Lair  
  70  4:43  Zergling x2  
  71  4:46  Zergling x2  
  71  4:49  Overlord  
  71  4:52  Extractor  
  71  4:56  Roach x2  
  71  4:59  Extractor  
  74  5:00  Drone  
  74  5:01  Drone x3  
  74  5:02  Drone  
  74  5:03  Roach x2  
  74  5:06  Overlord  
  83  5:10  Zergling x6  
  83  5:12  Overlord  
  86  5:17  Roach x2  
  86  5:20  Overlord  
  89  5:31  Drone x5  
  94  5:41  Overseer  
  94  5:42  Roach x4  
  103  5:43  Roach x2  
  103  5:44  Glial Reconstitution  
  105  5:55  Drone x4  
  109  5:57  Extractor  
  109  5:58  Roach x3  
  109  5:59  Roach  
  116  6:08  Spire  
  116  6:09  Drone  
  116  6:13  Drone x5  
  116  6:15  Overlord  
  121  6:20  Overlord x2  
  121  6:22  Overseer  
  121  6:25  Overlord  
  121  6:34  Drone x3  
  121  6:37  Roach x2  
  128  6:43  Drone  
  128  6:44  Drone  
  130  6:47  Evolution Chamber  
  130  6:50  Zergling x8, Roach  
  130  6:51  Hatchery  
  134  6:56  Ravager x6  
  140  7:02  Zergling x12, Roach  
  140  7:06  Overlord x3  
  146  7:10  Zergling x12, Roach  
  133  7:16  Roach x3  
  133  7:18  Roach  
  133  7:19  Roach  
  132  7:23  Ravager  
  132  7:25  Roach  
  132  7:29  Ravager, Roach  
  137  7:30  Ravager  
  137  7:33  Roach x2  
  142  7:37  Roach x2  
  142  7:42  Roach x2  
  137  7:44  Roach  
  137  7:47  Roach  
  137  7:51  Roach  
  133  7:53  Roach  
  133  7:54  Roach  
Show
View Real Time Build Order
Export as new Build Order

IntoTheZoun Protoss - Winner!

Build Orders: 1 Gate Expand, Blink Stalkers 

Get SALT Encoding   

  12  0:00  Probe  
  13  0:12  Probe  
  14  0:19  Pylon  
  14  0:25  Probe  
  15  0:38  Probe (Chrono Boost)  
  15  0:40  Gateway  
  16  0:47  Probe (Chrono Boost), Assimilator  
  17  0:52  Probe (Chrono Boost)  
  19  1:04  Probe  
  19  1:16  Probe  
  20  1:23  Nexus  
  20  1:33  Cybernetics Core  
  20  1:36  Probe  
  21  1:43  Assimilator  
  21  1:48  Probe  
  21  1:53  Pylon  
  22  2:00  Probe  
  23  2:08  Stalker (Chrono Boost)  
  23  2:13  Probe (Chrono Boost)  
  26  2:20  Twilight Council  
  27  2:23  Probe (Chrono Boost)  
  27  2:25  Warp Gate  
  27  2:28  Probe (Chrono Boost)  
  28  2:35  Probe (Chrono Boost)  
  29  2:39  Adept  
  33  2:44  Probe (Chrono Boost)  
  33  2:45  Probe (Chrono Boost)  
  33  2:51  Probe x2  
  35  2:58  Blink  
  35  3:03  Probe x2  
  37  3:16  Probe (Chrono Boost)  
  37  3:19  Probe (Chrono Boost), Robotics Facility  
  39  3:22  Gateway  
  39  3:25  Adept  
  42  3:27  Probe (Chrono Boost)  
  42  3:30  Probe (Chrono Boost)  
  42  3:31  Probe (Chrono Boost), Pylon  
  44  3:39  Probe  
  45  3:47  Gateway x2  
  45  3:48  Probe  
  45  3:51  Probe  
  45  3:55  Assimilator  
  47  4:00  Pylon  
  47  4:01  Probe  
  47  4:02  Assimilator  
  48  4:04  Warp Prism (Chrono Boost)  
  50  4:11  Pylon  
  50  4:17  Adept x2  
  52  4:22  Probe  
  55  4:33  Observer  
  56  4:40  Gateway x2  
  56  4:44  Gateway  
  56  4:48  Gateway  
  56  4:55  Probe x2  
  56  4:59  Sentry x3  
  64  5:07  Probe  
  64  5:10  Nexus  
  65  5:17  Pylon, Sentry  
  67  5:22  Pylon  
  67  5:28  Sentry  
  69  5:35  Immortal (Chrono Boost)  
  73  5:44  Shield Battery  
  73  5:47  Probe x2, Pylon  
  75  5:50  Sentry x2  
  79  6:02  Stalker x2  
  79  6:03  Stalker  
  79  6:04  Immortal (Chrono Boost)  
  85  6:06  Pylon  
  85  6:08  Probe x2, Pylon  
  91  6:14  Pylon  
  91  6:27  Sentry x2  
  91  6:28  Stalker x4  
  91  6:32  Stalker  
  105  6:36  Stalker  
  107  6:49  Pylon  
  107  6:50  Pylon  
  107  6:52  Stalker x3  
  107  6:53  Stalker  
  115  7:10  Zealot  
  115  7:12  Stalker x2  
  113  7:20  Stalker x4  
  113  7:22  Zealot  
  115  7:33  Sentry  
  115  7:34  Zealot x2  
  121  7:43  Zealot x3  
  125  7:50  Stalker x4  
  113  7:59  Stalker  
  113  8:04  Zealot x3  
  103  8:14  Stalker x4  
Tags
 
Add a new tag
Caveats
  • Supply blocks, unpowered buildings, or Contaminate may cause inaccurate times.
  • Supply counts are checked every 10 seconds.